 Dungeon Crawl Stone Soup version 0.30-a0-634-g8abc85282e (webtiles) character file.

Game seed: 13011889740152503969

201198 holysushi the Peltast (level 18, -2/134 HPs)
             Began as an Octopode Monk on Jan 15, 2023.
             Was an Initiate of Gozag.
             Killed from afar by an ironbound frostheart (57 damage)
             ... by creeping frost
             ... on level 1 of the Vaults.
             The game lasted 01:14:46 (39736 turns).

holysushi the Peltast (Octopode Monk)              Turns: 39736, Time: 01:14:46

Health: -2/134     AC:  2    Str:  6    XL:     18   Next: 53%
Magic:  18/18      EV: 51    Int: 30    God:    Gozag
Gold:   959        SH: 36    Dex: 38    Spells: 16/17 levels left

rFire   + . .      SeeInvis +    l - +8 rapier (vamp)
rCold   x . .      Faith    .    N - +3 tower shield
rNeg    + . .      Spirit   .    L - +1 hat {Will+}
rPois   +          Reflect  +    D - amulet "Irym" {Reflect rElec rC- Dex+10 SH+5 SInv}
rElec   +          Harm     .    X - ring "Yfieke" {rElec rC+ Will+++}
rCorr   .          Rampage  .    j - ring of positive energy
Will    +++++                    k - ring of poison resistance
Stlth   +++++++++                s - +5 ring of evasion
HPRegen 0.42/turn                J - +5 ring of evasion
MPRegen 0.16/turn                E - ring of protection from fire
                                 T - ring "Paamel" {rPois Will+ Str-4 Int+9 Stlth+}
                                 W - ring "Qamn" {rC- Will+ Int+8 Dex+6}

@: about to teleport, unable to read
A: almost no armour, amphibious, 8 rings, camouflage 1, gelatinous body 1,
(nimble swimmer 1), tentacles, inability to read after injury 1
}: 1/15 runes: barnacled
a: Renounce Religion, Potion Petition, Call Merchant, Bribe Branch


You were on level 1 of the Vaults.
You worshipped Gozag.
Gozag was pleased with you.
You visited 7 branches of the dungeon, and saw 29 of its levels.
You also visited: Bailey and Volcano.

You collected 11305 gold pieces.
You spent 8220 gold pieces at shops.
You paid 2126 gold pieces to Gozag.

Inventory:

Hand Weapons
 l - a +8 vampiric rapier (weapon)
 Q - a +4 scimitar of flaming
Armour
 L - a +1 hat of willpower (worn)
 N - a +3 tower shield (worn)
Jewellery
 a - a +4 ring of slaying
 j - a ring of positive energy (right tentacle)
 k - a ring of poison resistance (on tentacle)
 s - a +5 ring of evasion (on tentacle)
 D - the amulet "Irym" (around mantle) {Reflect rElec rC- Dex+10 SH+5 SInv}
   (You bought it in a shop on level 3 of the Dungeon)

   [amulet of reflection]

   It reflects blocked missile attacks.
   Dex:       It affects your dexterity (+10).
   rC:        It makes you vulnerable to cold.
   rElec:     It insulates you from electricity.
   SInv:      It lets you see invisible.
   SH:        It affects your SH (+5).
 E - a ring of protection from fire (on tentacle)
 J - a +5 ring of evasion (on tentacle)
 T - the ring "Paamel" (on tentacle) {rPois Will+ Str-4 Int+9 Stlth+}
   (You found it on level 4 of the Lair of Beasts)

   [ring of willpower]

   Str:       It affects your strength (-4).
   Int:       It affects your intelligence (+9).
   rPois:     It protects you from poison.
   Will:      It increases your willpower.
   Stlth:     It makes you more stealthy.
 W - the ring "Qamn" (on tentacle) {rC- Will+ Int+8 Dex+6}
   (You bought it in a shop on level 8 of the Dungeon)

   [ring of dexterity]

   Int:       It affects your intelligence (+8).
   Dex:       It affects your dexterity (+6).
   rC:        It makes you vulnerable to cold.
   Will:      It increases your willpower.
 X - the ring "Yfieke" (left tentacle) {rElec rC+ Will+++}
   (You bought it in a shop on level 8 of the Dungeon)

   [ring of protection from cold]

   rC:        It protects you from cold.
   rElec:     It insulates you from electricity.
   Will:      It greatly increases your willpower.
Wands
 b - a wand of digging (6)
 g - a wand of light (8)
 p - a wand of iceblast (43)
 t - a wand of charming (18)
 w - a wand of flame (30)
 P - a wand of polymorph (7)
 Z - a wand of mindburst (8)
Scrolls
 h - 2 scrolls of magic mapping
 i - 2 scrolls of immolation
 n - 5 scrolls of amnesia
 o - a scroll of fog
 v - 2 scrolls of butterflies
 y - a scroll of silence
 z - 15 scrolls of identify
 B - 2 scrolls of vulnerability
 M - 7 scrolls of noise
 S - 2 scrolls of blinking
 V - 2 scrolls of fear
Potions
 c - 6 potions of haste
 d - 5 potions of cancellation
 e - 5 potions of attraction
 f - 4 potions of magic
 m - 2 potions of resistance
 q - 2 potions of lignification
 r - a potion of might
 u - 9 potions of curing
 A - 4 potions of berserk rage
 F - 3 potions of brilliance
 K - 8 potions of ambrosia
 O - 3 potions of mutation


   Skills:
 - Level 15.0 Fighting
 - Level 14.0 Short Blades
 - Level 19.6 Dodging
 - Level 15.2 Stealth
 + Level 20.8 Shields
 - Level 7.2 Evocations


You had 16 spell levels left.
You knew the following spells:

 Your Spells              Type           Power      Damage    Failure   Level
a - Apportation           Tloc           0%         N/A       19%         1

Your spell library contained the following spells:

 Spells                   Type           Power      Damage    Failure   Level
 Beastly Appendage        Tmut           0%         N/A       19%         1
 Kiss of Death            Conj/Necr      0%         2d5       19%         1
 Necrotise                Necr           0%         1d4       19%         1
 Slow                     Hex            0%         N/A       19%         1
 Sting                    Tmut/Pois      0%         1d3       19%         1
 Summon Small Mammal      Summ           0%         N/A       19%         1
 Ensorcelled Hibernation  Hex/Ice        0%         N/A       28%         2
 Passwall                 Tmut/Erth      0%         N/A       28%         2
 Poisonous Vapours        Pois/Air       0%         N/A       28%         2
 Scorch                   Fire           0%         2d5       28%         2
 Sublimation of Blood     Necr           0%         N/A       28%         2
 Wereblood                Tmut           0%         N/A       28%         2
 Call Canine Familiar     Summ           0%         N/A       50%         3
 Confusing Touch          Hex            0%         N/A       50%         3
 Inner Flame              Hex/Fire       0%         N/A       50%         3
 Portal Projectile        Hex/Tloc       0%         N/A       50%         3
 Spider Form              Tmut/Pois      0%         N/A       50%         3
 Swiftness                Air            0%         N/A       50%         3
 Vampiric Draining        Necr           0%         2d6       50%         3
 Cause Fear               Hex            0%         N/A       88%         4
 Dispel Undead            Necr           0%         3d6       88%         4
 Flame Wave               Conj/Fire      0%         2d4       88%         4
 Leda's Liquefaction      Hex/Erth       0%         N/A       88%         4
 Olgreb's Toxic Radiance  Pois           0%         N/A       88%         4
 Petrify                  Tmut/Erth      0%         N/A       88%         4
 Irradiate                Conj/Tmut      0%         3d11      99%         5
 Summon Forest            Summ/Tloc      0%         N/A       99%         5
 Conjure Ball Lightning   Conj/Air       0%         3x3d6     100%        6
 Eringya's Noxious Bog    Tmut/Pois      0%         N/A       100%        6
 Summon Cactus Giant      Summ           0%         N/A       100%        6
 Dragon Form              Tmut           0%         N/A       100%        7
 Ozocubu's Refrigeration  Ice            0%         4d7       100%        7
 Summon Hydra             Summ           0%         N/A       100%        7
 Discord                  Hex            0%         N/A       100%        8
 Disjunction              Tloc           0%         N/A       100%        8
 Ignition                 Fire           0%         3d3       100%        8
 Dragon's Call            Summ           0%         N/A       100%        9


Dungeon Overview and Level Annotations

Branches:
Dungeon (15/15) Zot: 24859  Temple (1/1) D:5 Zot: 5952    Lair (5/5) D:11 Zot: 22086
 Shoals (4/4) Lair:3 Zot: 15702  Spider (0/4) Lair:2        Slime (1/5) Lair:4 Zot: 5998
    Orc (2/2) D:9 Zot: 9541     Elf (0/3) Orc:2        Vaults (1/5) D:13 Zot: 5583
 Depths (0/4) D:15         Bailey (visited)         Volcano (visited)

Altars:
Ashenzari
Cheibriados
Dithmenos
Elyvilon
Fedhas
Gozag
Hepliaklqana
Kikubaaqudgha
Makhleb
Nemelex Xobeh
Okawaru
Qazlal
Ru
Sif Muna
Trog
Uskayaw
Vehumet
Wu Jian
Xom
Yredelemnul
Zin
The Shining One
Jiyva

Shops:
D:3 =   D:6 :(   D:8 !!=(   D:9 (   D:12 :   D:14 *   Orc:2 [!:   Vaults:1 *

Portals:
Pandemonium: Orc:2

Annotations:
D:7 2 transporters, pokeman's ghost, novice DEHW
Lair:1 exclusion: oklob plant
Lair:4 timneilson's ghost, journeyman DsGl
Orc:1 3 runed translucent doors, jejorda2's ghost, journeyman MfBe


Innate Abilities, Weirdness & Mutations

You cannot wear most types of armour.
You are amphibious.
You can wear up to eight rings at the same time.
Your skin changes colour to match your surroundings (Stealth+).
Your rubbery body absorbs attacks. (AC +1, EV +1)
((You are camouflaged when in or above water. (Stealth+)))
You have tentacles for arms and can constrict up to eight enemies at once.
You occasionally lose the ability to read scrolls when taking damage.


Message History

You hit the white very ugly thing but do no damage.
You squeeze the white very ugly thing, but do no damage.
The ironbound frostheart calls freezing cold from the walls.
The frost grips you!!
You feel a terrible chill!
You are encased in ice.
The white very ugly thing barely misses you.
You puncture the white very ugly thing!
The white very ugly thing is almost dead.
The white very ugly thing basks in the mutagenic energy from its kin and changes!
You block the white very ugly thing's attack.
You puncture the white very ugly thing!
You feel better.
The white very ugly thing is lightly wounded.
You block the white very ugly thing's attack.
The white very ugly thing basks in the mutagenic energy from its kin and changes!
The white very ugly thing pecks you!!
The white very ugly thing freezes you!!!
You feel a terrible chill!
Ouch! That really hurt!
* * * LOW HITPOINT WARNING * * *
You are too injured to fight recklessly!
You are too injured to fight recklessly!
You are too injured to fight recklessly!
The white very ugly thing attacks as you move away!
You block the white very ugly thing's attack.
The ice encasing you melts away.
You block the white very ugly thing's attack.
The white very ugly thing basks in the mutagenic energy from its kin and changes!
As you read the scroll of teleportation, it crumbles to dust.
You feel strangely unstable.
You block the white very ugly thing's attack.
A vault sentinel comes into view. It is wielding a +0 falchion.
You feel much better.
The white very ugly thing basks in the mutagenic energy from its kin and changes!
You block the green very ugly thing's attack.
The white very ugly thing completely misses you.
The ironbound frostheart calls freezing cold from the walls.
The frost grips you!!!
You feel a terrible chill!
You feel threatened and lose the ability to read scrolls!
You die...
Your body crumbles into a pile of gold.

#......)∩# #########
#.....)..# #..>.)...#
#........# #........#
#........# #........#
########'##########
#..........#...@uu#
#.##....##.#...uu.#
#.##....##.#$.>u..#
#..........#.....pp...#
#..........#......#...'.
#..........'......#...##
#..........######## ....
#.##....##.# .... #.
#....##.+ .##


You could see 5 very ugly things, an ironbound frostheart and a vault sentinel.

Vanquished Creatures
  Rupert (D:14)
  3 krakens
  Polyphemus (Shoals:1)
  A sphinx (D:13)
  Gastronok (Lair:1)
  Kirke (Shoals:2)
  Donald (Shoals:2)
  Ilsuiw (Shoals:2)
  Aizul (Shoals:4)
  A fire giant (D:15)
  A vault warden (D:13)
  2 ironbound preservers (Vaults:1)
  The ghost of Aqonk the Stormcaller, a journeyman OpAE of Gozag (D:14)
  A stone giant (Volcano)
  4 dire elephants
  7 merfolk javelineers
  13 merfolk impalers
  A spectral kraken (Shoals:3)
  An entropy weaver (shapeshifter) (D:14)
  2 yaktaur captains
  A great orb of eyes (D:13)
  2 fire dragons
  11 vault guards
  2 demonspawn (Orc:2)
  The ghost of wormed the Protected, a journeyman GnWn of Cheibriados (D:11)
  5 hydras
  An ogre mage (D:11)
  5 merfolk aquamancers
  Erica (Orc:1)
  3 ghost crabs (Shoals:3)
  2 ironbound frosthearts
  An alligator snapping turtle (Shoals:4)
  3 catoblepae
  7 merfolk avatars
  3 tengu warriors
  2 boulder beetles
  8 centaur warriors
  A death knight (D:13)
  12 death yaks
  6 two-headed ogres
  A dancing weapon (D:11)
  A satyr (Shoals:4)
  A deep troll shaman (Lair:5)
  5 orc high priests (Orc:2)
  Sonja (Lair:4)
  5 skeletal warriors (D:13)
  3 deep trolls (Vaults:1)
  A sixfirhy (Orc:2)
  A fire crab (Lair:5)
  13 sea snakes
  A glowing orange brain (Vaults:1)
  An obsidian statue (D:14)
  Pikel (D:9)
  21 harpies
  An ironbound convoker (D:13)
  A lindwurm (Lair:5)
  A wizard (Vaults:1)
  2 deep elf pyromancers
  4 orc knights (Orc:2)
  11 ugly things
  An oklob plant (Orc:2)
  7 orc sorcerers (Orc:2)
  3 fauns (Shoals:1)
  11 cyclopes
  14 manticores
  12 merfolk sirens
  2 torpor snails (Lair:5)
  7 water nymphs
  A vault sentinel (Vaults:1)
  4 elephants (Lair:5)
  A rust devil (Orc:2)
  Maurice (Orc:1)
  3 gargoyles
  5 black mambas
  13 cane toads
  A rime drake (Lair:2)
  3 spectral sea snakes (Shoals:3)
  2 kobold demonologists (Bailey)
  8 komodo dragons
  2 efreet
  3 yaktaurs (Vaults:1)
  4 tengu conjurers (D:15)
  A spectral harpy (Shoals:3)
  An ice devil (Orc:2)
  34 merfolk
  6 meliai
  5 polar bears
  9 trolls
  A red devil (Orc:2)
  A queen bee (Lair:3)
  A tarantella (shapeshifter) (D:13)
  Prince Ribbit (D:5)
  2 spectral manticores (Shoals:3)
  14 snapping turtles
  6 dream sheep
  12 blink frogs
  A shadow (D:9)
  42 yaks
  3 vampires (D:12)
  11 water elementals
  A hog (Shoals:2)
  3 culicivoras (Lair:2)
  2 wraiths (D:9)
  2 wyverns
  4 basilisks
  2 fire elementals (Volcano)
  2 chaos spawn (Orc:2)
  2 steam dragons
  3 acid dragons
  19 water moccasins
  4 black bears
  41 orc warriors
  A sky beast (D:8)
  5 ogres
  35 wolves
  5 boggarts (D:14)
  24 centaurs
  A lemure (D:9)
  5 kobold brigands
  7 bullfrogs
  3 gnoll sergeants
  2 necrophages
  An earth elemental (Volcano)
  4 scorpions
  3 wights (D:8)
  29 killer bees
  A howler monkey (D:13)
  9 electric eels
  31 orc priests
  A hound (D:6)
  2 jellies
  A quasit (D:8)
  3 iguanas
  18 orc wizards
  13 gnolls
  10 adders
  2 shadow imps
  2 white imps (D:8)
  2 ufetubi (D:8)
  5 dart slugs
  67 orcs
  2 ball pythons
  10 endoplasms
  4 giant cockroaches
  18 goblins
  19 hobgoblins
  2 quokkas
  A bat (D:3)
  3 frilled lizards
  37 kobolds
  11 rats
  7 tentacles
948 creatures vanquished.

Vanquished Creatures (collateral kills)
  3 wyverns (D:8)
  A yak (Lair:5)
  4 wights (D:8)
  A white imp (D:8)
  An ufetubus (D:8)
10 creatures vanquished.

Vanquished Creatures (others)
  An ogre mage (D:14)
  A wind drake (Shoals:4)
  A yak (Lair:5)
  3 humans (Shoals:2)
  2 wights (D:8)
  A ball python (D:4)
  A bush (Lair:5)
  2 demonic plants (D:8)
  31 fungi
  186 plants
  39 tentacles
  13 withered plants (Shoals:3)
281 creatures vanquished.

Grand Total: 1239 creatures vanquished

Notes
Turn   | Place    | Note
-------+----------+-------------------------------------------
     0 | D:1      | holysushi the Octopode Monk began the quest for the Orb.
     0 | D:1      | Reached XP level 1. HP: 16/16 MP: 1/1
   316 | D:1      | Reached XP level 2. HP: 21/21 MP: 2/2
   614 | D:1      | You fall into a shaft and drop 1 floor!
   651 | D:2      | Reached XP level 3. HP: 26/26 MP: 3/3
  1099 | D:2      | Reached XP level 4. HP: 23/31 MP: 4/4
  1116 | D:2      | Reached skill level 5 in Short Blades
  1461 | D:3      | Reached XP level 5. HP: 7/36 MP: 5/5
  1790 | D:3      | Identified the +4 spear of the Big Fish {heavy, Will+}
  2104 | D:3      | Found Pablis's Jewellery Shop.
  2161 | D:3      | Found a glowing golden altar of the Shining One.
  2170 | D:3      | Found a broken altar of Ashenzari.
  2871 | D:4      | Noticed a black bear
  2889 | D:4      | Killed a black bear
  2890 | D:4      | Reached XP level 6. HP: 20/42 MP: 6/6
  3026 | D:4      | Reached XP level 7. HP: 28/48 MP: 7/7
  3384 | D:5      | Entered Level 5 of the Dungeon
  3667 | D:5      | Noticed Prince Ribbit
  3684 | D:5      | Killed Prince Ribbit
  3815 | D:5      | Reached XP level 8. HP: 54/54 MP: 8/8
  3872 | D:5      | Found a staircase to the Ecumenical Temple.
  3899 | D:5      | Found a shadowy altar of Dithmenos.
  4270 | Temple   | Entered the Ecumenical Temple
  4275 | Temple   | Became a worshipper of Gozag Ym Sagoz the Greedy
  4616 | D:6      | Found Jadyzumia's Book Shop.
  4972 | D:6      | Noticed a komodo dragon
  5069 | D:6      | Found Ibouphyl's Antique Weapon Emporium.
  5398 | D:6      | Reached skill level 10 in Short Blades
  5434 | D:6      | Reached XP level 9. HP: 44/60 MP: 9/9
  5508 | D:6      | Reached skill level 5 in Fighting
  5508 | D:6      | Reached skill level 5 in Dodging
  6082 | D:7      | Reached skill level 1 in Evocations
  6420 | D:7      | Identified the +1 ring mail of Knowledge {+Inv rC++}
  6728 | D:7      | Identified the +1 ring mail of Intercession {Regen+}
  6728 | D:7      | Identified the ring "Qoklovad" {rC++ Int-2 SInv}
  6736 | D:7      | Found a transporter.
  6740 | D:7      | Noticed pokeman's ghost (novice DEHW)
  6746 | D:7      | Found a transporter.
  6948 | D:8      | Found Xerewor's Distillery.
  7138 | D:8      | Reached skill level 5 in Stealth
  7141 | D:8      | Found a flagged portal.
  7163 | Bailey   | Entered a bailey
  7434 | Bailey   | Reached skill level 5 in Evocations
  7460 | Bailey   | Reached XP level 10. HP: 66/66 MP: 10/10
  7979 | Bailey   | Acquired 876 gold pieces
  8198 | Bailey   | Found an iron altar of Okawaru.
  8200 | Bailey   | Noticed a kobold demonologist
  8200 | Bailey   | Noticed a kobold demonologist
  8208 | Bailey   | Killed a kobold demonologist
  8213 | Bailey   | Killed a kobold demonologist
  8272 | Bailey   | Learned a level 1 spell: Apportation
  8598 | D:3      | Bought the amulet "Irym" {Reflect rElec rC- Dex+10 SH+5
                  | SInv} for 746 gold pieces
  9484 | D:9      | Reached skill level 1 in Shields
  9573 | D:9      | Reached skill level 2 in Shields
  9838 | D:9      | Reached skill level 3 in Shields
  9838 | D:9      | Reached XP level 11. HP: 72/72 MP: 11/11
  9852 | D:9      | Found a staircase to the Orcish Mines.
 10037 | D:9      | Found Soafus's Weapon Emporium.
 10309 | D:9      | Noticed Pikel
 10492 | D:9      | Reached skill level 4 in Shields
 10503 | D:9      | Killed Pikel
 10704 | D:10     | Entered Level 10 of the Dungeon
 11294 | D:10     | Reached skill level 10 in Stealth
 11447 | D:10     | Reached skill level 5 in Shields
 11697 | D:8      | Bought a +5 ring of evasion for 540 gold pieces
 11770 | D:11     | Noticed a cyclops
 11775 | D:11     | Killed a cyclops
 11859 | D:11     | Noticed a cyclops
 11861 | D:11     | Found a staircase to the Lair.
 12205 | D:11     | Killed a cyclops
 12233 | D:11     | Noticed a two-headed ogre
 12237 | D:11     | Noticed an ogre mage
 12237 | D:11     | Noticed a two-headed ogre
 12239 | D:11     | Noticed a two-headed ogre
 12244 | Lair:1   | Entered Level 1 of the Lair of Beasts
 12463 | Lair:1   | Reached XP level 12. HP: 79/79 MP: 12/12
 12597 | Lair:1   | Noticed Gastronok
 12606 | Lair:1   | Killed Gastronok
 12636 | Lair:1   | Noticed a seven-headed hydra
 12660 | Lair:1   | Killed a seven-headed hydra
 12811 | Lair:1   | Noticed an eight-headed hydra
 12836 | Lair:1   | Reached skill level 10 in Dodging
 13391 | Lair:2   | Found a hole to the Spider Nest.
 14261 | Lair:3   | Found a dark tunnel.
 14267 | Volcano  | Entered a volcano
 14298 | Volcano  | Reached XP level 13. HP: 86/86 MP: 13/13
 14317 | Volcano  | Noticed a stone giant
 14324 | Volcano  | Killed a stone giant
 14932 | Lair:3   | Found a staircase to the Shoals.
 16199 | Lair:4   | Identified the +1 robe "Arrel" {-Tele rF+++}
 16457 | Lair:4   | Noticed Sonja
 16464 | Lair:4   | Killed Sonja
 16495 | Lair:4   | Found a runed translucent door.
 16496 | Lair:4   | Found a shimmering altar of Xom.
 16496 | Lair:4   | Noticed timneilson's ghost (journeyman DsGl)
 16730 | Lair:4   | Found a viscous altar of Jiyva.
 16730 | Lair:4   | Found a staircase to the Slime Pits.
 17043 | Lair:5   | Entered Level 5 of the Lair of Beasts
 17099 | Slime:1  | Entered Level 1 of the Pits of Slime
 17547 | Lair:5   | Reached skill level 15 in Dodging
 17671 | Lair:5   | Found a shadowy altar of Dithmenos.
 18034 | Lair:5   | Reached XP level 14. HP: 92/92 MP: 14/14
 18678 | Lair:5   | Noticed a dire elephant
 18778 | Lair:5   | Killed a dire elephant
 19947 | Lair:4   | Identified the ring "Paamel" {rPois Will+ Str-4 Int+9
                  | Stlth+}
 20829 | D:8      | Bought the ring "Qamn" {rC- Will+ Int+8 Dex+6} for 876 gold
                  | pieces
 20829 | D:8      | Bought the ring "Yfieke" {rElec rC+ Will+++} for 1005 gold
                  | pieces
 21263 | D:12     | Found Unakimi's Self-Improvement Boutique.
 21539 | D:13     | Found a shimmering blue altar of Sif Muna.
 21929 | D:13     | Reached XP level 15. HP: 99/99 MP: 15/15
 22000 | D:13     | Found a gate to the Vaults.
 22781 | D:12     | Bought a manual of Shields for 1280 gold pieces
 22806 | D:12     | Identified the +2 leather armour "Vuosk" {rElec rF++ Slay-4
                  | SInv}
 23111 | D:11     | Found a runed translucent door.
 23113 | D:11     | Found a shimmering altar of Xom.
 23113 | D:11     | Noticed wormed's ghost (journeyman GnWn)
 23181 | D:11     | Found a hide-covered altar of Uskayaw.
 23419 | D:11     | Killed wormed's ghost
 23688 | Orc:1    | Entered Level 1 of the Orcish Mines
 23835 | Orc:1    | Noticed Erica
 23859 | Orc:1    | Killed Erica
 23948 | Orc:1    | Noticed Maurice
 23953 | Orc:1    | Killed Maurice
 23958 | Orc:1    | Found a runed translucent gate.
 23958 | Orc:1    | Found a runed translucent gate.
 23958 | Orc:1    | Found a runed translucent gate.
 24274 | Orc:1    | Noticed jejorda2's ghost (journeyman MfBe)
 24392 | Orc:2    | Entered Level 2 of the Orcish Mines
 24543 | Orc:2    | Found a staircase to the Elven Halls.
 25058 | Orc:2    | Found Heutuit's Distillery.
 25059 | Orc:2    | Found Haufon's Distillery.
 25386 | D:12     | Bought a manual of Fighting for 1280 gold pieces
 25759 | Orc:2    | Bought a potion of haste for 170 gold pieces
 25815 | Orc:2    | Reached skill level 6 in Shields
 25941 | Orc:2    | Reached skill level 7 in Shields
 26277 | Orc:2    | Reached skill level 10 in Fighting
 26280 | Orc:2    | Reached skill level 8 in Shields
 26281 | Orc:2    | Gained mutation: You occasionally lose the ability to read
                  | scrolls when taking damage. [a neqoxec]
 26313 | Orc:2    | Reached skill level 9 in Shields
 26363 | Orc:2    | Found Caentust's Antique Armour Shop.
 26363 | Orc:2    | Found Zayruzy's Book Boutique.
 26363 | Orc:2    | Found a one-way gate leading to the halls of Pandemonium.
 26976 | D:14     | Reached skill level 10 in Shields
 26976 | D:14     | Reached XP level 16. HP: 109/109 MP: 16/16
 27243 | D:14     | Noticed Rupert
 27244 | D:14     | Found a runed translucent gate.
 27244 | D:14     | Found a runed translucent gate.
 27244 | D:14     | Found an opulent altar of Gozag.
 27245 | D:14     | Found a runed translucent gate.
 27246 | D:14     | Killed Rupert
 27247 | D:14     | Found Ontabaul's Assorted Antiques.
 27249 | D:14     | Noticed Aqonk's ghost (journeyman OpAE)
 27309 | D:14     | Killed Aqonk's ghost
 27586 | D:14     | Bought a potion of haste for 190 gold pieces
 27586 | D:14     | Bought a potion of magic for 152 gold pieces
 27586 | D:14     | Bought a potion of berserk rage for 95 gold pieces
 27586 | D:14     | Bought a scroll of magic mapping for 142 gold pieces
 27905 | D:15     | Entered Level 15 of the Dungeon
 28140 | D:15     | Found a staircase to the Depths.
 29353 | Shoals:1 | Entered Level 1 of the Shoals
 29457 | Shoals:1 | Reached skill level 11 in Shields
 30070 | Shoals:1 | Reached skill level 15 in Fighting
 30105 | Shoals:1 | Reached skill level 12 in Shields
 30733 | Shoals:2 | Noticed Kirke
 30744 | Shoals:2 | Killed Kirke
 30745 | Shoals:2 | Reached skill level 13 in Shields
 30745 | Shoals:2 | Reached XP level 17. HP: 127/127 MP: 17/17
 30815 | Shoals:2 | Noticed Ilsuiw
 30817 | Shoals:2 | Noticed Polyphemus
 30852 | Shoals:2 | Noticed Donald
 30872 | Shoals:2 | Killed Donald
 31748 | Shoals:1 | Killed Polyphemus
 31973 | Shoals:2 | Killed Ilsuiw
 32323 | Shoals:2 | Reached skill level 15 in Stealth
 33245 | Shoals:3 | Noticed a kraken
 33276 | Shoals:3 | Killed a kraken
 33292 | Shoals:3 | Reached skill level 14 in Shields
 34771 | Shoals:3 | Reached skill level 15 in Shields
 35073 | Shoals:4 | Entered Level 4 of the Shoals
 35355 | D:12     | Bought a manual of Shields for 1280 gold pieces
 35625 | Shoals:4 | Noticed Aizul
 35641 | Shoals:4 | Killed Aizul
 35731 | Shoals:4 | Reached skill level 16 in Shields
 36270 | Shoals:4 | Reached skill level 17 in Shields
 36296 | Shoals:4 | Noticed a kraken
 36310 | Shoals:4 | Killed a kraken
 36798 | Shoals:4 | Reached skill level 18 in Shields
 37169 | Shoals:4 | Reached XP level 18. HP: 134/134 MP: 18/18
 37369 | Shoals:4 | Reached skill level 19 in Shields
 38205 | Shoals:4 | Reached skill level 20 in Shields
 38235 | Shoals:4 | Got a barnacled rune of Zot
 38595 | Vaults:1 | Entered Level 1 of the Vaults
 39630 | Vaults:1 | Found Boicakat's General Store.
 39657 | Vaults:1 | Bought a potion of mutation for 112 gold pieces
 39657 | Vaults:1 | Bought a wand of digging (6) for 352 gold pieces
 39736 | Vaults:1 | Killed from afar by an ironbound frostheart

Illustrated notes

Levels and vault maps discovered:
D:1:      lemuel_arrival_tunnels, layout_loops_cross, minmay_close_crescents
D:2:      layout_rooms, kennysheep_generic_room_5
D:3:      layout_basic, mainiacjoe_overflow_swirl, serial_co_window_serial,
          co_window_of_opportunity_a, co_window_paths_a, co_window_paths_b,
          co_window_corner_a, co_window_paths_a, co_window_corner_b,
          co_window_broadway_a, co_window_broadway_c, co_window_broadway_a,
          serial_shops, nicolae_lakefront_shop
D:4:      layout_basic
D:5:      cheibrodos_thug_alley, layout_basic, mainiacjoe_overflow_24_doors,
          minmay_temple_entry_glassed_door, uniq_prince_ribbit1
D:6:      layout_gridville, serial_shops, shop, nicolae_stop_n_shop_1,
          nicolae_wand_duel, minmay_chambers_of_fives
D:7:      layout_loops_corners, gammafunk_ghost_gnarly_gnolls
D:8:      layout_gridville, serial_shops, shop_statue, serial_demonic,
          serial_demonic_d, serial_demonic_g, serial_demonic_c,
          serial_demonic_b, enter_bailey_2
D:9:      layout_roguey, david_orc_1_choice, serial_shops,
          nicolae_shop_hallway_plus, grunt_ministairs_2, uniq_pikel
D:10:     layout_long_grid
D:11:     layout_basic, lair_entry_dummy, ebering_ghost_xom,
          nicolae_uskayaw_dance_studio
D:12:     layout_roguey, serial_corexii_hall, corexii_hall_statues_deadend,
          corexii_hall_statues_x, st_stairs_5, nicolae_shop_self_help
D:13:     layout_small_grid, erik_vaults_2, tgw_sif
D:14:     layout_roguey, ebering_ghost_gozag, kennysheep_another_room,
          uniq_rupert
D:15:     grunt_enter_depths_giant_problem, layout_gridville,
          chequers_serial_rivers_micro_d
Temple:   hellmonk_temple_of_storms
Lair:1:   layout_hall_layers, hellmonk_guarded_unrand_vines, uniq_gastronok
Lair:2:   layout_cave_pods, hellmonk_spider_entry_life_and_decay
Lair:3:   layout_layer_cave, elwin_shoals_entry_rocks, special_room
          [special_room_bee], enter_volcano_2
Lair:4:   layout_regular_city, slime_entry_1, ebering_ghost_xom, uniq_sonja
Lair:5:   grunt_lair_end_beastmaster, layout_regular_city, lemuel_centaur_altar
Shoals:1: layout_shoals
Shoals:2: layout_shoals, uniq_polyphemus, uniq_donald, uniq_ilsuiw, uniq_kirke
Shoals:3: layout_shoals, nicolae_shoals_spectral_cove
Shoals:4: shoals_end_hangedman, layout_shoals, shoal_ilsuiw,
          nicolae_shoals_lost_giant_temple, uniq_aizul
Slime:1:  layout_caves, cheibrodos_slime_lost_civilization_7
Orc:1:    layout_caves, gammafunk_ghost_necromancy, serial_shops, basic_altar,
          uniq_erica, uniq_maurice
Orc:2:    pf_orc_diabolical, layout_diamond_mine, mines3_lemuel
Vaults:1: hangedman_vaults_snaps, grunt_vaults_focal, vaults_dpeg_spiral,
          ontoclasm_vaults_ring_square, nicolae_vaults_little_squares_5,
          vaults_room_grid, hangedman_vaults_river_flow, vaults_room_fours,
          nicolae_vaults_little_squares_5, v_rooms_5, v_misc_12, v_pattern_2,
          layout_vaults_maze_bifur, serial_shops, shop, shop

Skill      XL: |  1  2  3  4  5  6  7  8  9 10 11 12 13 14 15 16 17 18 |
---------------+-------------------------------------------------------+-----
Short Blades   | 4 5 6 7 8 10 11 12 14 | 14.0
Fighting       | 4 5 6 7 8 10 15 | 15.0
Dodging        | 4 6 7 9 11 15 18 19 | 19.6
Evocations     | 5 7 |  7.2
Stealth        | 5 8 10 12 15 | 15.2
Shields        | 3 5 10 13 18 20 | 20.8

Action                   |  1- 3 |  4- 6 |  7- 9 | 10-12 | 13-15 | 16-18 || total
-------------------------+-------+-------+-------+-------+-------+-------++-------
Melee: Short sword       |    84 |    69 |    31 |     3 |       |       ||   187
       Constrict         |    18 |    14 |    42 |    94 |   166 |   172 ||   506
       Tentacles         |    11 |    11 |    70 |   201 |   541 |   625 ||  1459
       Punch             |       |     1 |     4 |    21 |    36 |    44 ||   106
       Dagger            |       |       |   177 |   264 |   161 |       ||   602
       Rapier            |       |       |       |   339 |  1284 |  1515 ||  3138
       Scimitar          |       |       |       |       |    42 |       ||    42
Invok: Call Merchant     |       |       |       |     2 |     1 |       ||     3
Evoke: Wand              |       |       |    23 |     6 |     2 |     1 ||    32
  Use: Scroll            |       |    11 |     9 |     9 |     4 |    16 ||    49
       Potion            |       |     5 |     5 |     3 |     4 |     6 ||    23
 Stab: Sleeping          |    10 |    16 |    21 |    33 |    48 |    45 ||   173
       Invisible         |       |     2 |     1 |     1 |       |     3 ||     7
       Distracted        |       |       |       |    11 |    30 |    26 ||    67
       Petrified         |       |       |       |       |       |     2 ||     2
Armor: Skin              |     2 |     5 |     8 |     1 |     7 |    16 ||    39
Dodge: Dodged            |    49 |    41 |    99 |   256 |   759 |   981 ||  2185
Block: Buckler           |       |       |       |   201 |   716 |   640 ||  1557
       Reflection        |       |       |       |     5 |    33 |    53 ||    91
       Kite shield       |       |       |       |       |       |   482 ||   482
       Tower shield      |       |       |       |       |       |   138 ||   138

Table legend: (Time is in decaauts)
 A = Elapsed time spent in this place.
 B = Non-inter-level travel time spent in this place.
 C = Inter-level travel time spent in this place.
 D = Time resting spent in this place.
 E = Time spent auto-exploring this place.
 F = Levels seen in this place.
 G = Mean time per level.
                   A        B        C        D        E       F      G
               +--------+--------+--------+--------+--------+-----+--------+
         Total |  37970 |  34414 |   3556 |   8264 |  15738 |  31 | 1224.8 |
       Dungeon |  17551 |  15590 |   1961 |   2925 |   8217 |  15 | 1170.1 |
        Temple |     47 |     40 |      7 |      0 |     20 |   1 |   47.0 |
          Lair |   7913 |   6933 |    980 |   1426 |   3612 |   5 | 1582.6 |
        Shoals |   8297 |   7805 |    492 |   2860 |   2549 |   4 | 2074.2 |
    Slime Pits |      1 |      1 |      0 |      0 |      0 |   1 |    1.0 |
  Orcish Mines |   2458 |   2344 |    114 |    591 |   1030 |   2 | 1229.0 |
        Vaults |    415 |    415 |      0 |      2 |    182 |   1 |  415.0 |
        Bailey |   1127 |   1127 |      0 |    460 |    104 |   1 | 1127.0 |
       Volcano |    156 |    156 |      0 |      0 |     24 |   1 |  156.0 |
               +--------+--------+--------+--------+--------+-----+--------+

Top non-repeatable levels by time:
Shoals:3: 2517 daAuts
Shoals:1: 2441 daAuts
Shoals:4: 2334 daAuts
  Lair:5: 2182 daAuts
    D:13: 2002 daAuts
  Lair:3: 1749 daAuts
    D:11: 1705 daAuts
  Lair:4: 1662 daAuts
   Orc:2: 1592 daAuts
     D:5: 1479 daAuts
     D:9: 1452 daAuts
     D:3: 1352 daAuts
  Lair:2: 1323 daAuts
    D:10: 1173 daAuts
    D:14: 1147 daAuts
